 Dungeon Crawl Stone Soup version 0.30-a0-1014-g3371b13838 (webtiles) character file.

Game seed: 1613784087081515687

134825 CryoSword the Brawler (level 16, -5/127 HPs)
             Began as a Demonspawn Fighter on Apr 5, 2023.
             Was the Champion of Makhleb.
             Slain by a salamander
             ... wielding a +0 trident
              (10 damage)
             ... on level 3 of the Snake Pit on Apr 6, 2023.
             The game lasted 01:17:06 (35354 turns).

CryoSword the Brawler (Demonspawn Fighter)         Turns: 35354, Time: 01:17:07

Health: -5/127     AC: 18    Str: 23    XL:     16   Next: 63%
Magic:  0/26       EV:  8    Int: 11    God:    Makhleb [******]
Gold:   3520       SH: 18    Dex: 13    Spells: 12/25 levels left

rFire   . . .      SeeInvis +      - Unarmed
rCold   . . .      Faith    .    n - +1 tower shield {reflect}
rNeg    . . .      Spirit   +    z - +4 troll leather armour
rPois   +          Reflect  +    S - +0 mask of the Dragon {Will+ Slay+3 SInv}
rElec   .          Rampage  +    N - +1 cloak
rCorr   .                        (gloves unavailable)
Will    ++...                    g - +2 pair of boots {rampage}
Stlth   ++                       h - amulet of guardian spirit
HPRegen 1.21/turn                G - ring of poison resistance
MPRegen 0.20/turn                i - +4 ring of protection

@: lethally poisoned (-5 -> -6), slowed, constricted, studying Shields, very
slow
A: claws 3, demonic guardian 3, demonic magic 2
a: Renounce Religion, Minor Destruction, Lesser Servant of Makhleb, Major
Destruction, Greater Servant of Makhleb


You were on level 3 of the Snake Pit.
You worshipped Makhleb.
Makhleb was exalted by your worship.
You visited 6 branches of the dungeon, and saw 27 of its levels.

You collected 4855 gold pieces.
You spent 1335 gold pieces at shops.

Inventory:

Hand Weapons
 w - a +2 scimitar of flaming
   (You took it off an efreet on level 12 of the Dungeon)
Missiles
 m - 5 curare-tipped darts
 t - 3 throwing nets
Armour
 g - a +2 pair of boots of rampaging (worn)
   (You found it on level 2 of the Snake Pit)
 n - a +1 tower shield of reflection (worn)
   (You took it off a naga warrior on level 1 of the Snake Pit)
 z - a +4 troll leather armour (worn)
   (You found it on level 13 of the Dungeon)
 N - a +1 cloak (worn)
   (You found it on level 9 of the Dungeon)
 S - the +0 mask of the Dragon (worn) {Will+ Slay+3 SInv}
   (You found it on level 13 of the Dungeon)

   Slay:      It affects your accuracy & damage with ranged weapons and melee
   (+3).
   SInv:      It lets you see invisible.
   Will:      It increases your willpower.
 U - a +2 kite shield
   (You found it on level 11 of the Dungeon)
Jewellery
 h - an amulet of guardian spirit (around neck)
   (You found it on level 1 of the Dungeon)
 i - a +4 ring of protection (right claw)
   (You found it on level 5 of the Lair of Beasts)
 p - a ring of positive energy
   (You found it on level 2 of the Dungeon)
 s - a ring of protection from fire
   (You found it on level 3 of the Snake Pit)
 y - a ring of protection from cold
   (You found it on level 2 of the Snake Pit)
 G - a ring of poison resistance (left claw)
   (You found it on level 5 of the Lair of Beasts)
Wands
 b - a wand of iceblast (23)
   (You found it on level 8 of the Dungeon)
 c - a wand of paralysis (4)
   (You found it on level 3 of the Lair of Beasts)
 r - a wand of quicksilver (17)
   (You found it on level 9 of the Dungeon)
 A - a wand of mindburst (6) (quivered)
   (You found it on level 2 of the Snake Pit)
Scrolls
 e - 5 scrolls of fog
 k - 15 scrolls of teleportation {@r4}
 l - 4 scrolls of butterflies
 o - 6 scrolls of poison {!r}
 u - 2 scrolls of fear
 B - 6 scrolls of magic mapping
 Y - 2 scrolls of silence
Potions
 d - 8 potions of might
 f - 4 potions of curing {@q1}
 j - 3 potions of brilliance
 v - 2 potions of ambrosia
 x - 4 potions of mutation {!q}
 F - 4 potions of lignification {!q}
 I - 4 potions of attraction {!q}
 J - a potion of resistance
 K - 4 potions of flight
 L - a potion of berserk rage
 P - 3 potions of invisibility
 R - a potion of cancellation
 V - a potion of magic
Miscellaneous
 q - a box of beasts
   (You found it on level 9 of the Dungeon)
 O - a phantom mirror
   (You found it on level 2 of the Lair of Beasts)


   Skills:
 + Level 12.0 Fighting
 - Level 2.5 Polearms
 + Level 5.7 Armour
 - Level 6.0 Dodging
 - Level 3.2 Stealth
 * Level 12.0 Shields
 * Level 16.2 Unarmed Combat
 - Level 5.0 Spellcasting
 + Level 10.0 Summonings
 + Level 4.6 Translocations
 - Level 5.0 Transmutations
 * Level 13.7 Invocations


You had 12 spell levels left.
You knew the following spells:

 Your Spells              Type           Power      Damage    Failure   Level
a - Call Canine Familiar  Summ           24%        N/A       6%          3
b - Summon Guardian Gole  Hex/Summ       13%        N/A       43%         3
c - Summon Forest         Summ/Tloc      9%         N/A       86%         5
y - Wereblood             Tmut           13%        N/A       24%         2

Your spell library contained the following spells:

 Spells                   Type           Power      Damage    Failure   Level
 Beastly Appendage        Tmut           26%        N/A       16%         1
 Lesser Beckoning         Tloc           26%        N/A       26%         2
 Gell's Gravitas          Tloc           13%        N/A       47%         3
 Teleport Other           Tloc           13%        N/A       47%         3
 Freeze                   Ice            8%         1d3       77%         1
 Necrotise                Necr           8%         1d4       77%         1
 Spider Form              Tmut/Pois      8%         N/A       78%         3
 Portal Projectile        Hex/Tloc       14%        N/A       80%         3
 Animate Armour           Summ/Erth      26%        N/A       83%         4
 Cigotuvi's Dreadful Rot  Necr/Pois/Air  4%         N/A       88%         2
 Poisonous Vapours        Pois/Air       4%         N/A       88%         2
 Frozen Ramparts          Ice            4%         1d1       98%         3
 Hailstorm                Conj/Ice       2%         3d3       98%         3
 Mephitic Cloud           Conj/Pois/Air  2%         N/A       98%         3
 Vampiric Draining        Necr           2%         2d6       98%         3
 Leda's Liquefaction      Hex/Erth       1%         N/A       100%        4
 Agony                    Necr           2%         N/A       100%        5
 Malign Gateway           Summ/Tloc      9%         N/A       100%        7
 Orb of Destruction       Conj           1%         9d5       100%        7
 Spellforged Servitor     Conj/Summ      6%         N/A       100%        7
 Summon Hydra             Summ           12%        N/A       100%        7
 Borgnjor's Revivificati  Necr           1%         N/A       100%        8
 Necromutation            Tmut/Necr      4%         N/A       100%        8
 Summon Horrible Things   Summ           12%        N/A       100%        8
 Death's Door             Necr           1%         N/A       100%        9
 Dragon's Call            Summ           12%        N/A       100%        9


Dungeon Overview and Level Annotations

Branches:
Dungeon (15/15)            Temple (1/1) D:6            Lair (5/5) D:10
  Swamp (1/4) Lair:3        Snake (3/4) Lair:2        Slime (0/5) Lair:4
    Orc (2/2) D:9             Elf (0/3) Orc:2        Vaults (0/5) D:13
 Depths (0/4) D:15

Altars:
Ashenzari
Cheibriados
Dithmenos
Fedhas
Kikubaaqudgha
Makhleb
Nemelex Xobeh
Okawaru
Ru
Sif Muna
Trog
Vehumet
Wu Jian
Xom
Yredelemnul

Shops:
D:13 [   Orc:2 ?=?(   Snake:2 *

Portals:
Trove: D:15 (give +3 shadow dragon scales)

Annotations:
D:3 2 transporters, TheSeeker391's ghost, amateur HOFi
D:12 exclusions: ice statue and obsidian statue
D:13 3 runed translucent doors, Qekou's ghost, journeyman SpHs
Lair:4 exclusion: 6 oklob plants
Orc:2 3 runed translucent doors, M4edhros's ghost, journeyman OpCK; libidonplus's ghost, journeyman NaMo; thfrgi's ghost, journeyman FoFi


Innate Abilities, Weirdness & Mutations

You have claws for hands.
A powerful demonic guardian rushes to your aid.
Spells you cast may paralyse nearby enemies.


Message History

The black mamba dies!
Makhleb accepts your kill.
Your Fighting skill increases to level 12!
The helpless mana viper fails to defend itself.
You eviscerate the mana viper!!!
You kill the mana viper!
Makhleb accepts your kill.
You feel better.
You feel sick.
You are more poisoned.
The naga ritualist spits poison at you. The splash of poison hits your hound!
Your hound looks even sicker.
Your hound dies!
Your hound's corpse disappears in a puff of smoke!
Your hellwing completely misses the naga ritualist.
Your hellwing barely misses the naga ritualist.
You feel sick.
The naga ritualist mumbles some strange prayers to its god against you.
You resist with almost no effort.
Your hellwing misses the naga ritualist.
Your hellwing barely misses the naga ritualist.
You see here a black mamba corpse.
You closely miss the naga ritualist.
You feel sick.
The naga ritualist hits you but does no damage.
You block the naga ritualist's attack.
Your hellwing hits the naga ritualist!
Your hellwing barely misses the naga ritualist.
You closely miss the naga ritualist.
You feel sick.
Your hellwing hits the naga ritualist but does no damage.
Your hellwing barely misses the naga ritualist.
The naga ritualist spits poison at you. The splash of poison hits you.
You resist.
You claw the naga ritualist!
You feel sick.
Your hellwing closely misses the naga ritualist.
Your hellwing hits the naga ritualist but does no damage.
You block the naga ritualist's attack. The naga ritualist grabs you.
The naga ritualist constricts you.
You barely miss the naga ritualist.
You feel sick.
The naga ritualist's toxic aura wanes.
Your hellwing closely misses the naga ritualist.
Your hellwing barely misses the naga ritualist.
You claw the naga ritualist!
You feel sick.
You are no longer poisoned.
The naga ritualist hits you but does no damage.
The naga ritualist constricts you.
Your hellwing hits the naga ritualist! Your hellwing hits the naga ritualist.
You mangle the naga ritualist!!
You kill the naga ritualist!
Makhleb accepts your kill.
Your Shields skill increases to level 12!
You swap places.
You see here a black mamba corpse.
Things that are here:
a +1 heavy trident; a +0 robe A naga warrior and a naga mage come into view.
The naga warrior is wielding a +0 mace and wearing a +1 kite shield of protection.
The naga mage shouts!
You hear a shout!
There are monsters nearby!
There are monsters nearby!
A salamander and a naga come into view.
The naga warrior shouts!
The naga shouts!
The naga mage gestures at the naga warrior while chanting.
The naga warrior seems to grow toxic.
A salamander comes into view. It is wielding a +0 trident.
You rampage towards the naga warrior!
The naga mage spits poison at you.
Your +1 tower shield of reflection reflects the splash of poison!
The splash of poison hits the naga mage.
The naga mage is poisoned.
The naga warrior roars a battlecry!
The nagas go into a battle-frenzy!
Malevolent energies surge around you.
The naga mage suddenly stops moving!
You block the salamander's attack. The naga warrior spits poison at you.
The splash of poison hits you.
You have difficulty breathing.
You feel yourself slow down.
You rampage towards the naga mage!
The helpless naga mage fails to defend itself.
You mangle the naga mage!!
You kill the naga mage!
Makhleb accepts your kill.
You feel better. You block the salamander's attack.
The salamander closely misses you. You block the naga warrior's attack.
The naga warrior closely misses you. You block the salamander's attack.
A demon appears!
Your hellwing disappears in a puff of smoke!
You block the salamander's attack.
Your hound bites the salamander.
You block the naga's attack. x2; The naga warrior barely misses you.
The naga warrior grabs you. The naga warrior constricts you.
The salamander hits you with a +0 trident!
You are engulfed in flames!
The salamander hits you with a +0 trident.
You are engulfed in flames!
Your hound bites the salamander.
The naga hits you with a +0 mace!
You claw the salamander!
Your hound bites the salamander but does no damage.
The naga warrior hits you with a +0 mace!
The naga warrior constricts you. You block the salamander's attack. x2
The naga spits poison at you.
The splash of poison hits you but does no damage.
You are poisoned.
You resist.
Your orange demon stings the naga warrior but does no damage.
Your hound bites the salamander.
The naga warrior spits poison at you.
The splash of poison hits you but does no damage.
The naga warrior constricts you.
The salamander hits you but does no damage.
You escape the naga warrior's grasp.
The naga attacks as you move away!
You block the naga's attack. x2; You feel sick.
Your hound bites the salamander.
The salamander hits you with a +0 trident!
You are engulfed in flames!
* * * LOW HITPOINT WARNING * * *
Your orange demon stings the naga warrior from afar.
Your hound bites the salamander but does no damage.
You block the salamander's attack. The naga warrior closely misses you.
The naga warrior grabs you. The naga warrior constricts you.
The salamander hits you with a +0 trident.
* * * LOW HITPOINT WARNING * * *
You are engulfed in flames!
* * * LOW HITPOINT WARNING * * *
Your orange demon stings the naga warrior from afar!
The naga warrior's grasp on you weakens, but your attempt to escape fails.
You feel sick.
Your hound bites the salamander.
The naga hits you with a +0 mace!
* * * LOW HITPOINT WARNING * * *
You block the salamander's attack.
Your hound barely misses the salamander.
The salamander hits you with a +0 trident.
* * * LOW HITPOINT WARNING * * *
You are engulfed in flames!
* * * LOW HITPOINT WARNING * * *
A demonic guardian appears!
The naga warrior hits you with a +0 mace.
* * * LOW HITPOINT WARNING * * *
The naga warrior constricts you.
* * * LOW HITPOINT WARNING * * *
Your orange demon stings the naga warrior from afar.
You block the naga's attack. You block the salamander's attack.
Your hound barely misses the salamander.
Blink to where?
The naga warrior's grasp on you weakens, but your attempt to escape fails.
As you read the scroll of blinking, it crumbles to dust.
You feel sick.
Your hound bites the salamander.
The salamander hits you with a +0 trident!!
* * * LOW HITPOINT WARNING * * *
You are engulfed in flames!
You die...

#.........#.# .......
#........#..##.......
#.......#....##......
##.....##.....# #....
#.....#........ ....
#.............. .
##....2........ .
##4...........
##h@..........
#.NNN.....^..#
#.).N......###
#......###.#
#....#### .# #.....#
#.....# ##.....
#####.


You could see a naga warrior (curare, ally target), 2 salamanders, a naga
(strong), a friendly cacodemon (summoned), a friendly orange demon (summoned)
and a friendly hound (summoned).

Vanquished Creatures
  Kirke (D:13)
  An orc warlord (Orc:1)
  A very ugly thing (D:14)
  An ettin (D:15)
  7 hydras
  A vault guard (D:13)
  8 anacondas
  Erolcha (Orc:2)
  A catoblepas (Lair:5)
  5 boulder beetles
  A two-headed ogre (Orc:2)
  3 centaur warriors
  2 tengu warriors
  5 naga warriors
  A deep troll shaman (Lair:5)
  14 death yaks
  10 naga sharpshooters
  Nergalle (Lair:2)
  4 shock serpents
  2 skeletal warriors (D:13)
  A skyshark (Lair:2)
  2 salamander mystics
  A deep troll (D:15)
  4 naga ritualists
  A necromancer (D:15)
  A deep elf pyromancer (D:14)
  An orc knight (Orc:1)
  6 orc sorcerers
  7 ugly things
  2 cyclopes
  4 manticores
  4 salamanders
  13 mana vipers
  29 black mambas
  2 elephants (Lair:5)
  8 slime creatures
  A guardian serpent (shapeshifter) (D:14)
  3 gargoyles
  A torpor snail (Lair:4)
  7 naga magi
  A guardian serpent (Snake:1)
  An unseen horror (D:11)
  10 cane toads
  A yaktaur (D:13)
  2 freezing wraiths
  14 komodo dragons
  A rime drake (Lair:2)
  An efreet (D:12)
  A kobold demonologist (D:10)
  8 trolls
  5 polar bears
  2 meliai (D:12)
  9 dream sheep (Lair:5)
  4 blink frogs
  Sigmund (D:6)
  A jumping spider (Lair:3)
  3 shadows
  2 vampires (D:14)
  4 hogs (D:13)
  7 wraiths
  30 yaks
  4 wyverns
  3 steam dragons
  2 basilisks
  6 vampire mosquitoes
  19 humans (D:13)
  Menkaure (D:6)
  A redback (Lair:3)
  2 wargs (Orc:1)
  Grum (D:11)
  3 swamp worms
  15 nagas
  Edmund (D:6)
  2 acid dragons
  5 water moccasins
  2 sky beasts
  24 orc warriors
  3 black bears
  An ice beast (D:8)
  8 ogres
  4 centaurs
  12 wolves
  2 phantoms (D:5)
  3 kobold brigands
  18 bullfrogs
  5 scorpions
  9 wights
  2 killer bees (D:7)
  An electric eel (Lair:2)
  8 howler monkeys
  5 lava snakes
  2 hounds
  A jelly (D:5)
  2 gnoll boudas
  18 orc priests
  Ijyb (D:3)
  A sleepcap (D:5)
  Jessica (D:2)
  2 iguanas
  23 orc wizards
  4 adders
  10 gnolls
  3 shadow imps
  2 ufetubi (D:5)
  A worm (D:4)
  A dart slug (D:2)
  61 orcs
  5 ball pythons
  3 bats
  4 endoplasms
  8 giant cockroaches
  5 hobgoblins
  11 kobolds
  6 quokkas
  2 frilled lizards (D:2)
  4 goblins
  7 rats
636 creatures vanquished.

Vanquished Creatures (collateral kills)
  An orc warlord (Orc:1)
  Josephine (Orc:2)
  3 hydras
  An anaconda (Snake:3)
  Harold (Lair:1)
  2 boulder beetles
  3 naga warriors
  An orc high priest (Orc:2)
  A shock serpent (Snake:3)
  Sonja (Orc:2)
  A fire crab (Lair:5)
  A skeletal warrior (D:13)
  2 lindwurms (Lair:3)
  2 mana vipers (Snake:2)
  A necromancer (D:13)
  A wolf spider (Lair:3)
  An oklob plant (D:10)
  A guardian serpent (Snake:2)
  A naga mage (Snake:3)
  5 black mambas
  A slime creature (D:12)
  A cane toad (Lair:2)
  A rime drake (Lair:5)
  A komodo dragon (Lair:1)
  A tarantella (Lair:3)
  A hornet (D:9)
  3 blink frogs
  3 dream sheep (Lair:5)
  A jumping spider (Lair:3)
  A wyvern (D:9)
  A hog (D:13)
  5 yaks
  A human (D:13)
  A basilisk (Lair:1)
  2 vampire mosquitoes (D:11)
  A swamp worm (Lair:3)
  4 nagas
  An acid dragon (D:8)
  6 orc warriors
  An ogre (Orc:1)
  3 centaurs
  3 bullfrogs
  A gnoll sergeant (D:11)
  A killer bee (D:7)
  A lava snake (Lair:3)
  7 orc priests
  A hound (D:6)
  A jelly (D:5)
  5 orc wizards
  2 gnolls (D:11)
  27 orcs
  A kobold (D:10)
121 creatures vanquished.

Vanquished Creatures (others)
  A naga ritualist (Snake:2)
  A wizard (D:15)
  A meliai (D:13)
  2 humans (D:13)
  An orc warrior (Orc:1)
  An orc wizard (Orc:1)
  A bush (Lair:5)
  28 fungi
  52 plants
  4 withered plants (Orc:2)
92 creatures vanquished.

Grand Total: 849 creatures vanquished

Notes
Turn   | Place    | Note
-------+----------+-------------------------------------------
     0 | D:1      | CryoSword the Demonspawn Fighter began the quest for the
                  | Orb.
     0 | D:1      | Reached XP level 1. HP: 18/18 MP: 1/1
   170 | D:1      | Gained mutation: You have sharp fingernails. [demonic
                  | ancestry]
   170 | D:1      | Reached XP level 2. HP: 23/24 MP: 2/2
   470 | D:1      | Found a faded altar of an unknown god.
   925 | D:2      | Reached skill level 1 in Unarmed Combat
  1229 | D:2      | Gained mutation: Spells you cast may paralyse adjacent
                  | enemies. [demonic ancestry]
  1229 | D:2      | Reached XP level 3. HP: 29/29 MP: 3/3
  1684 | D:2      | Reached skill level 2 in Unarmed Combat
  1743 | D:2      | Noticed Jessica
  1752 | D:2      | Killed Jessica
  1889 | D:3      | Gained mutation: A weak demonic guardian rushes to your
                  | aid. [demonic ancestry]
  1889 | D:3      | Reached XP level 4. HP: 33/35 MP: 4/4
  1953 | D:3      | Noticed Ijyb
  1961 | D:3      | Killed Ijyb
  1962 | D:3      | Reached skill level 3 in Unarmed Combat
  2065 | D:3      | Found a radiant altar of Vehumet.
  2111 | D:3      | Found a transporter.
  2114 | D:3      | Noticed TheSeeker391's ghost (amateur HOFi)
  2162 | D:3      | Found a transporter.
  2757 | D:4      | Reached skill level 4 in Unarmed Combat
  2757 | D:4      | Reached XP level 5. HP: 41/41 MP: 5/5
  3326 | D:5      | Entered Level 5 of the Dungeon
  3326 | D:5      | Noticed a centaur
  3441 | D:5      | Reached skill level 5 in Unarmed Combat
  3441 | D:5      | Reached XP level 6. HP: 28/47 MP: 6/6
  3557 | D:5      | Reached skill level 6 in Unarmed Combat
  3770 | D:5      | Reached XP level 7. HP: 45/52 MP: 7/7
  3870 | D:5      | Reached skill level 7 in Unarmed Combat
  4393 | D:5      | Reached skill level 8 in Unarmed Combat
  4464 | D:5      | Reached XP level 8. HP: 33/58 MP: 4/8
  4883 | D:6      | Noticed Sigmund
  4887 | D:6      | Killed Sigmund
  4888 | D:6      | Reached skill level 9 in Unarmed Combat
  5101 | D:6      | Noticed Edmund
  5325 | D:6      | Killed Edmund
  5328 | D:6      | Reached skill level 10 in Unarmed Combat
  5445 | D:6      | Found an ornate altar of the Wu Jian Council.
  5446 | D:6      | Found an iron altar of Okawaru.
  5446 | D:6      | Found a basalt altar of Yredelemnul.
  5548 | D:6      | Noticed Menkaure
  5555 | D:6      | Killed Menkaure
  5581 | D:6      | Gained mutation: A demonic guardian rushes to your aid.
                  | [demonic ancestry]
  5581 | D:6      | Reached XP level 9. HP: 57/63 MP: 9/9
  5619 | D:6      | Learned a level 3 spell: Call Canine Familiar
  5740 | D:6      | Reached skill level 1 in Summonings
  5923 | D:6      | Found a staircase to the Ecumenical Temple.
  5929 | Temple   | Entered the Ecumenical Temple
  5946 | Temple   | Became a worshipper of Makhleb the Destroyer
  6192 | D:7      | Reached skill level 1 in Spellcasting
  6192 | D:7      | Reached skill level 1 in Invocations
  6200 | D:7      | HP: 2/64 [something (15)]
  6487 | D:7      | Reached skill level 11 in Unarmed Combat
  7753 | D:8      | Reached * piety under Makhleb
  7806 | D:8      | Gained mutation: You have very sharp fingernails. [demonic
                  | ancestry]
  7806 | D:8      | Reached XP level 10. HP: 51/71 MP: 9/13
  8618 | D:9      | Reached ** piety under Makhleb
  8864 | D:9      | Paralysed by a hornet for 3 turns
  8873 | D:9      | Reached skill level 5 in Summonings
  9255 | D:9      | Found a staircase to the Orcish Mines.
  9572 | D:9      | Reached skill level 5 in Fighting
  9661 | D:9      | Reached skill level 5 in Invocations
  9987 | D:9      | Reached skill level 12 in Unarmed Combat
 10533 | D:10     | Entered Level 10 of the Dungeon
 10541 | D:10     | Noticed an oklob plant
 10566 | D:10     | Found a staircase to the Lair.
 10985 | D:10     | Noticed a boulder beetle
 11000 | D:10     | Killed a boulder beetle
 11001 | D:10     | Reached skill level 5 in Shields
 11001 | D:10     | Reached XP level 11. HP: 52/80 MP: 14/15
 11152 | D:10     | Reached *** piety under Makhleb
 11802 | D:11     | Noticed Grum
 11814 | D:11     | Killed Grum
 12215 | D:11     | Noticed a sea snake
 13487 | D:10     | Killed an oklob plant
 13521 | Lair:1   | Entered Level 1 of the Lair of Beasts
 14107 | Lair:1   | Noticed Harold
 14129 | Lair:1   | Killed Harold
 14712 | Lair:1   | Reached skill level 13 in Unarmed Combat
 14712 | Lair:1   | Gained mutation: You have claws for hands. [demonic
                  | ancestry]
 14712 | Lair:1   | Reached XP level 12. HP: 73/91 MP: 17/17
 15088 | Lair:2   | Noticed an eight-headed hydra
 15222 | Lair:2   | You fall into a shaft and drop 2 floors!
 15267 | Lair:4   | Found a staircase to the Slime Pits.
 15330 | Lair:4   | Noticed a boulder beetle
 15346 | Lair:4   | Killed a boulder beetle
 15356 | Lair:4   | Reached **** piety under Makhleb
 15465 | Lair:4   | Noticed a death yak
 15466 | Lair:4   | Noticed a death yak
 15467 | Lair:4   | Noticed a death yak
 15467 | Lair:4   | Noticed a death yak
 15467 | Lair:4   | Noticed a death yak
 15804 | Lair:2   | Found a staircase to the Snake Pit.
 16170 | Lair:2   | Killed an eight-headed hydra
 16362 | Lair:2   | Noticed an eight-headed hydra
 16377 | Lair:2   | Killed a nine-headed hydra
 16719 | Lair:2   | Noticed a boulder beetle
 16734 | Lair:2   | Killed a boulder beetle
 17136 | Lair:2   | Noticed Nergalle
 17148 | Lair:2   | Killed Nergalle
 17613 | Lair:3   | Reached skill level 1 in Dodging
 17884 | Lair:3   | Gained mutation: Spells you cast may paralyse nearby
                  | enemies. [demonic ancestry]
 17884 | Lair:3   | Reached XP level 13. HP: 101/101 MP: 19/19
 17927 | Lair:3   | Found a runed translucent door.
 18096 | Lair:3   | Reached skill level 1 in Stealth
 18411 | Lair:3   | Found a runed translucent gate.
 18411 | Lair:3   | Found a runed translucent gate.
 18411 | Lair:3   | Found a runed translucent gate.
 18411 | Lair:3   | Found a runed translucent gate.
 18411 | Lair:3   | Found a runed translucent gate.
 18411 | Lair:3   | Found a runed translucent gate.
 18446 | Lair:3   | Reached skill level 14 in Unarmed Combat
 18676 | Lair:3   | Learned a level 2 spell: Wereblood
 20391 | Lair:3   | Reached skill level 10 in Fighting
 20391 | Lair:3   | Reached skill level 1 in Transmutations
 20721 | Lair:3   | Found a staircase to the Swamp.
 20852 | Lair:5   | Entered Level 5 of the Lair of Beasts
 21560 | Lair:4   | Reached skill level 10 in Invocations
 23006 | Lair:5   | Reached XP level 14. HP: 110/111 MP: 21/21
 23830 | Lair:5   | Reached skill level 5 in Dodging
 25513 | D:13     | Noticed Kirke
 25535 | D:13     | Killed Kirke
 25666 | D:13     | Found Rapluut's Armour Boutique.
 25702 | D:13     | Found a runed translucent gate.
 25702 | D:13     | Found a runed translucent gate.
 25702 | D:13     | Found a runed translucent gate.
 25704 | D:13     | Found an ancient bone altar of Kikubaaqudgha.
 25704 | D:13     | Noticed a lich
 25704 | D:13     | Noticed a lich
 25704 | D:13     | Noticed a lich
 25704 | D:13     | Noticed a lich
 25705 | D:13     | Noticed Qekou's ghost (journeyman SpHs)
 25948 | D:13     | Reached skill level 15 in Unarmed Combat
 26270 | D:13     | Found the +0 mask of the Dragon {Will+ Slay+3 SInv}
 26272 | D:13     | Found a gate to the Vaults.
 26923 | D:14     | Reached ***** piety under Makhleb
 27544 | D:14     | Noticed a red very ugly thing
 27574 | D:14     | Killed a red very ugly thing
 27575 | D:14     | Reached XP level 15. HP: 113/118 MP: 21/23
 27749 | D:15     | Entered Level 15 of the Dungeon
 27757 | D:15     | Found a shadowy altar of Dithmenos.
 28273 | D:15     | Found a staircase to the Depths.
 28572 | D:15     | Found a portal to a secret trove of treasure.
 28787 | D:15     | Identified 3 scrolls of acquirement
 28787 | D:15     | Acquired the Handbook of Rallying
 28792 | D:15     | Upgraded the game from 0.30-a0-1002-ga41ad49a19 to
                  | 0.30-a0-1014-g3371b13838
 28993 | Orc:1    | Entered Level 1 of the Orcish Mines
 29014 | Orc:1    | Reached skill level 5 in Spellcasting
 29554 | Orc:1    | Acquired a manual of Shields
 29556 | Orc:1    | Acquired 986 gold pieces
 29570 | Orc:2    | Entered Level 2 of the Orcish Mines
 29761 | Orc:2    | Found a staircase to the Elven Halls.
 29805 | Orc:2    | Reached skill level 1 in Translocations
 29812 | Orc:2    | Noticed Sonja
 29836 | Orc:2    | HP: 5/119 [asphyx]
 29978 | Orc:2    | Killed Sonja
 30051 | Orc:2    | Noticed Josephine
 30065 | Orc:2    | Killed Josephine
 30124 | Orc:2    | Reached skill level 10 in Shields
 30208 | Orc:2    | Found Laojaat's Antique Weapon Shoppe.
 30208 | Orc:2    | Found Orrurom's Magic Scroll Emporium.
 30208 | Orc:2    | Found Wuvo's Magic Scroll Shoppe.
 30257 | Orc:2    | Found Atzuak's Jewellery Emporium.
 30262 | Orc:2    | Bought a scroll of enchant armour for 75 gold pieces
 30514 | Orc:2    | Found a runed translucent gate.
 30516 | Orc:2    | Found a runed translucent gate.
 30517 | Orc:2    | Found a runed translucent gate.
 30519 | Orc:2    | Noticed M4edhros's ghost (journeyman OpCK)
 30519 | Orc:2    | Noticed libidonplus's ghost (journeyman NaMo)
 30519 | Orc:2    | Noticed thfrgi's ghost (journeyman FoFi)
 30548 | Orc:2    | Learned a level 3 spell: Summon Guardian Golem
 30554 | Orc:2    | Learned a level 5 spell: Summon Forest
 30558 | Orc:2    | Noticed Erolcha
 30565 | Orc:2    | Killed Erolcha
 30777 | Orc:2    | Bought a scroll of teleportation for 30 gold pieces
 30777 | Orc:2    | Bought a scroll of identify for 20 gold pieces
 30777 | Orc:2    | Bought a scroll of magic mapping for 75 gold pieces
 30777 | Orc:2    | Bought a scroll of enchant armour for 75 gold pieces
 30777 | Orc:2    | Bought a scroll of fog for 40 gold pieces
 30777 | Orc:2    | Bought a scroll of acquirement for 520 gold pieces
 30777 | Orc:2    | Bought a scroll of enchant armour for 75 gold pieces
 30777 | Orc:2    | Bought a scroll of magic mapping for 75 gold pieces
 30778 | Orc:2    | Bought a scroll of teleportation for 42 gold pieces
 30778 | Orc:2    | Bought a scroll of identify for 28 gold pieces
 30778 | Orc:2    | Bought a scroll of silence for 133 gold pieces
 30778 | Orc:2    | Bought a scroll of magic mapping for 105 gold pieces
 30778 | Orc:2    | Bought a scroll of teleportation for 42 gold pieces
 30778 | Orc:2    | Acquired 817 gold pieces
 31372 | Swamp:1  | Entered Level 1 of the Swamp
 31481 | Snake:1  | Entered Level 1 of the Snake Pit
 32046 | Snake:1  | Reached ****** piety under Makhleb
 32051 | Snake:1  | Identified the +6 dagger of Impatience {holy, *Rage rPois
                  | rF+ Str+4}
 32053 | Snake:1  | Found a radiant altar of Vehumet.
 32508 | Snake:1  | Reached skill level 5 in Armour
 33021 | Snake:2  | Gained mutation: A powerful demonic guardian rushes to your
                  | aid. [demonic ancestry]
 33021 | Snake:2  | Reached XP level 16. HP: 86/126 MP: 0/25
 33179 | Snake:2  | Found Kopteho's Neck Hole.
 33806 | Snake:2  | Reached skill level 5 in Transmutations
 34406 | Snake:3  | Reached skill level 16 in Unarmed Combat
 35007 | Snake:3  | Reached skill level 10 in Summonings
 35354 | Snake:3  | HP: 5/127 [salamander/+0 trident (16)]
 35354 | Snake:3  | Slain by a salamander

Illustrated notes

Levels and vault maps discovered:
D:1:      heliophobic_arrival_enchanted_forest, layout_basic,
          shapermc_ecumenical_altar_ellora, minmay_misc_feat_secret_circle
D:2:      layout_loops_corners, hangedman_decor_slide_cut,
          kennysheep_generic_room_7, uniq_jessica
D:3:      layout_loops_ring, overflow_temple_1_default,
          mainiacjoe_overflow_alcove_4, gammafunk_ghost_mausoleum, uniq_ijyb
D:4:      layout_basic, chequers_serial_rivers_marsh, glass_columns_a
D:5:      layout_loops_cross, dk_rats_in_the_wall
D:6:      layout_rooms, zin_scriptorium,
          chequers_temple_overflow_statue_of_worship,
          minmay_temple_entry_enclosed_plants, uniq_menkaure, uniq_sigmund,
          uniq_edmund
D:7:      layout_gridville
D:8:      layout_loops_ring
D:9:      layout_basic, david_orc_4, st_stairs_12, minivault_11
D:10:     layout_roguey [special_room_orc], dpeg_oklobed_lair
D:11:     layout_loops_ring, serial_aquarium, aquarium_bridge_island_large
          [aquarium_subvault_large_water, aquarium_subvault_bridge,
          aquarium_subvault_window, aquarium_subvault_window,
          aquarium_subvault_wall], aquarium_window_1, aquarium_window_2,
          aquarium_window_fake, aquarium_view_2f, aquarium_view_2f,
          aquarium_pool_2, minmay_misc_feat_alley, uniq_grum
D:12:     layout_basic, minmay_holes, david_greed
D:13:     layout_cave_pools, grunt_vaults_entry_tiered, serial_shops,
          kennysheep_mini_moat, gammafunk_ghost_crypt, uniq_kirke
D:14:     layout_roguey, elyvilon_altar_3, chequers_serial_rivers_micro_a
D:15:     hangedman_depths_entry_civil_slaughter, layout_long_grid,
          enter_trove_6, old_standard_altar
Temple:   eino_temple_rhombus
Lair:1:   layout_cave_pods, grunt_megastairs_5, uniq_harold
Lair:2:   nzn_winding_woodlands_cross [nzn_winding_woodlands_5x15_split_checker,
          nzn_winding_woodlands_5x15_sawtooth,
          nzn_winding_woodlands_5x15_crooked,
          nzn_winding_woodlands_5x15_default,
          nzn_winding_woodlands_15x15_eel_pit], layout_chaotic_city,
          nicolae_snake_entry_warm_welcome, gauntlet_entry_generic,
          fungi_pond_lemuel, uniq_nergalle
Lair:3:   gammafunk_indiana_jones, layout_loops_ring, palyth_hydra_swamp_entry
Lair:4:   layout_regular_city, minmay_slime_entry_oklob_open,
          infiniplex_staircase_pool_2, serial_bayou_shore_b, grunt_megastairs_1
Lair:5:   grunt_lair_end_beastmaster, layout_long_grid
Swamp:1:  layout_falls_marsh, serial_swamp_ruin, evilmike_swamp_ruin_house_1,
          evilmike_swamp_ruin_house_6, swamp_pool4
Snake:1:  hangedman_cross_veins, layout_onion, basic_altar, st_stairs_11
Snake:2:  layout_misc_corridors, nicolae_shop_sticking_my_neck_out
Snake:3:  layout_chambers, hangedman_snake_corridor_split, minmay_shop_grove,
          uniq_aizul
Orc:1:    layout_caves, basic_altar
Orc:2:    st_orc_mages, layout_diamond_mine, gammafunk_ghost_cemetery,
          uniq_erolcha, uniq_josephine, uniq_sonja

Skill      XL: |  1  2  3  4  5  6  7  8  9 10 11 12 13 14 15 16 |
---------------+-------------------------------------------------+-----
Polearms       | 2 |  2.5
Unarmed Combat | 1 2 4 5 6 8 10 11 12 13 14 15 16 | 16.2
Summonings     | 3 6 8 9 10 | 10.0
Shields        | 3 5 6 7 8 9 10 12 | 12.0
Spellcasting   | 2 4 5 |  5.0
Invocations    | 3 5 7 9 10 11 12 13 | 13.7
Fighting       | 4 5 7 9 10 11 12 | 12.0
Dodging        | 1 4 6 |  6.0
Stealth        | 3 |  3.2
Transmutations | 1 3 4 5 |  5.0
Armour         | 4 5 |  5.7
Translocations | 3 4 |  4.6

Action                     |  1- 3 |  4- 6 |  7- 9 | 10-12 | 13-15 | 16-18 || total
---------------------------+-------+-------+-------+-------+-------+-------++-------
  Melee: Trident           |    20 |       |       |       |       |       ||    20
         Unarmed           |   105 |   134 |   321 |   544 |  1142 |   220 ||  2466
         Scimitar          |       |       |       |       |    24 |       ||    24
  Throw: Throwing net      |       |       |     3 |     1 |     1 |       ||     5
         Dart              |       |       |     3 |    17 |       |       ||    20
   Cast: Call Canine Famil |       |       |     1 |    85 |   121 |    27 ||   234
         Wereblood         |       |       |       |       |    13 |     1 ||    14
         Summon Guardian G |       |       |       |       |     1 |       ||     1
 Invoke: Minor Destruction |       |       |       |     1 |     7 |       ||     8
         Lesser Servant of |       |       |       |     5 |    18 |     6 ||    29
         Major Destruction |       |       |       |     5 |    13 |       ||    18
  Evoke: Wand              |       |       |    13 |     7 |     8 |     2 ||    30
         Box of beasts     |       |       |       |     2 |     2 |       ||     4
         Phantom mirror    |       |       |       |       |     1 |       ||     1
    Use: Scroll            |       |     2 |     6 |     5 |    29 |     3 ||    45
         Potion            |       |     2 |     5 |     2 |     7 |       ||    16
   Stab: Paralysed         |       |       |       |    47 |    75 |    21 ||   143
         Distracted        |       |       |       |     4 |    15 |     9 ||    28
         Held in net/web   |       |       |       |     1 |       |       ||     1
         Sleeping          |       |       |       |       |     4 |     1 ||     5
         Petrified         |       |       |       |       |     3 |       ||     3
 Armour: Scale mail        |    48 |    47 |    95 |       |       |       ||   190
         Skin              |       |       |     6 |       |       |       ||     6
         Robe              |       |       |     4 |    95 |   144 |       ||   243
         Troll leather arm |       |       |       |       |   191 |    55 ||   246
  Dodge: Dodged            |    30 |    55 |   109 |   186 |   468 |    73 ||   921
  Block: Buckler           |    24 |    21 |    82 |    65 |       |       ||   192
         Kite shield       |       |       |       |   151 |   716 |       ||   867
         Tower shield      |       |       |       |       |    63 |   236 ||   299
         Reflection        |       |       |       |       |    11 |    21 ||    32

Table legend: (Time is in decaauts)
 A = Elapsed time spent in this place.
 B = Non-inter-level travel time spent in this place.
 C = Inter-level travel time spent in this place.
 D = Time resting spent in this place.
 E = Time spent auto-exploring this place.
 F = Levels seen in this place.
 G = Mean time per level.
                   A        B        C        D        E       F      G
               +--------+--------+--------+--------+--------+-----+--------+
         Total |  35185 |  32718 |   2467 |   4017 |  21571 |  27 | 1303.1 |
       Dungeon |  18428 |  17029 |   1399 |   1359 |  12336 |  15 | 1228.5 |
        Temple |     27 |     18 |      9 |      0 |      6 |   1 |   27.0 |
          Lair |  10956 |  10125 |    831 |   2207 |   5590 |   5 | 2191.2 |
         Swamp |     10 |     10 |      0 |      0 |      0 |   1 |   10.0 |
     Snake Pit |   3746 |   3647 |     99 |    315 |   2342 |   3 | 1248.7 |
  Orcish Mines |   2015 |   1888 |    127 |    136 |   1297 |   2 | 1007.5 |
               +--------+--------+--------+--------+--------+-----+--------+

Top non-repeatable levels by time:
  Lair:4: 2934 daAuts
  Lair:3: 2696 daAuts
  Lair:2: 2322 daAuts
     D:9: 2208 daAuts
     D:5: 1763 daAuts
  Lair:1: 1688 daAuts
     D:7: 1621 daAuts
    D:10: 1607 daAuts
    D:11: 1510 daAuts
    D:12: 1442 daAuts
 Snake:1: 1366 daAuts
 Snake:2: 1354 daAuts
  Lair:5: 1315 daAuts
    D:13: 1174 daAuts
    D:14: 1125 daAuts
